 Dungeon Crawl Stone Soup version 0.31-a0-210-gccc998df9b (webtiles) character file.

Game seed: 8475467297482810277

23655 Essalna the Fighter (level 13, -2/84 HPs)
             Began as a Tengu Fire Elementalist on June 27, 2023.
             Was a High Priest of Vehumet.
             Slain by Snorg (11 damage)
             ... on level 12 of the Dungeon on June 30, 2023.
             The game lasted 00:41:08 (15662 turns).

Essalna the Fighter (Tengu Fire Elementalist)      Turns: 15662, Time: 00:41:08

Health: -2/84      AC:  8    Str:  9    XL:     13   Next: 8%
Magic:  7/26       EV: 19    Int: 20    God:    Vehumet [*****.]
Gold:   1313       SH:  5    Dex: 15    Spells: 3/16 levels left

rFire   . . .        g - +2 club (spect)
rCold   . . .        o - +0 buckler
rNeg    . . .        h - +2 robe {Will+}
rPois   .            (helmet restricted)
rElec   .            B - +1 cloak
rCorr   .            r - +0 pair of gloves
SInv    .            (boots unavailable)
Will    +....        t - amulet of the acrobat
Stlth   ++           n - ring of wizardry
HPRegen 0.34/turn    p - ring of magical power
MPRegen 0.20/turn

%: acrobat, wizardry (x1)
@: flying quickly and evasively, quick
A: beak, talons 3, nimble flight
a: Renounce Religion


You were on level 12 of the Dungeon.
You worshipped Vehumet.
Vehumet was extremely pleased with you.
You visited 3 branches of the dungeon, and saw 14 of its levels.

You collected 1533 gold pieces.
You spent 220 gold pieces at shops.

Inventory:

Hand Weapons
 g - a +2 spectral club (weapon)
 l - a +2 dagger of venom
Armour
 a - a +1 robe
 h - a +2 robe of willpower (worn)
 o - a +0 buckler (worn)
 r - a +0 pair of gloves (worn)
 B - a +1 cloak (worn)
 D - a +1 leather armour of cold resistance
Jewellery
 f - a +6 ring of intelligence {SMART}
 n - a ring of wizardry (left hand)
 p - a ring of magical power (right hand)
 s - a +4 ring of protection
 t - an amulet of the acrobat (around neck)
 z - a +4 ring of protection
 F - a ring of poison resistance
 G - a +4 ring of slaying
Wands
 m - a wand of digging (5)
 A - a wand of iceblast (9)
 C - a wand of flame (21)
 I - a wand of polymorph (3)
Scrolls
 d - 6 scrolls of teleportation
 e - 4 scrolls of identify
 i - 3 scrolls of enchant weapon
 q - 2 scrolls of amnesia
 v - 4 scrolls of revelation
 E - 2 scrolls of summoning
 H - a scroll of blinking {unknown}
 J - a scroll of brand weapon {unknown}
Potions
 c - 3 potions of curing
 j - 3 potions of lignification
 k - 2 potions of resistance
 u - 2 potions of degeneration {unknown}
 w - a potion of invisibility {unknown}
 x - a potion of might {unknown}


   Skills:
 + Level 10.8 Fighting
 + Level 10.1 Armour
 - Level 9.3 Dodging
 - Level 2.0 Stealth
 - Level 4.0 Shields
 - Level 2.0 Spellcasting
 - Level 10.0 Conjurations
 - Level 10.0 Fire Magic
 + Level 10.0 Air Magic


You had 3 spell levels left.
You knew the following spells:

 Your Spells              Type           Power      Damage    Failure   Level
a - Foxfire               Conj/Fire      100%       2x1d9     1%          1
b - Scorch                Fire           84%        2d8       1%          2
c - Flame Wave            Conj/Fire      42%        2d11      1%          4
d - Plasma Beam           Fire/Air       21%        2x1d33    7%          6

Your spell library contained the following spells:

 Spells                   Type           Power      Damage    Failure   Level
 Orb of Destruction       Conj           21%        9d8       30%         7
 Inner Flame              Hex/Fire       22%        N/A       1%          3
 Volatile Blastmotes      Fire/Tloc      44%        2d13      1%          3
 Vhi's Electric Charge    Tloc/Air       44%        N/A       3%          3
 Apportation              Tloc           4%         N/A       9%          1
 Necrotise                Necr           8%         1d4       9%          1
 Summon Small Mammal      Summ           8%         N/A       9%          1
 Call Canine Familiar     Summ           2%         N/A       26%         3
 Summon Guardian Golem    Hex/Summ       2%         N/A       26%         3
 Vampiric Draining        Necr           2%         2d6       26%         3
 Arcjolt                  Conj/Air       21%        1d31      1%          5
 Agony                    Necr           2%         N/A       91%         5
 Alistair's Intoxication  Tmut/Pois      1%         N/A       91%         5
 Borgnjor's Vile Clutch   Necr/Erth      1%         N/A       91%         5
 Eringya's Noxious Bog    Tmut/Pois      1%         N/A       93%         6


Dungeon Overview and Level Annotations

Branches:
Dungeon (12/15)            Temple (1/1) D:7            Lair (0/5) D:11
    Orc (1/2) D:9

Altars:
Dithmenos
Elyvilon
Fedhas
Gozag
Hepliaklqana
Kikubaaqudgha
Makhleb
Okawaru
Qazlal
Ru
Sif Muna
Trog
Uskayaw
Vehumet
Wu Jian
Xom
Yredelemnul
Zin
The Shining One

Shops:
D:1 !   D:5 ?(*!*:   D:6 ===   D:10 (

Annotations:
D:4 3 runed translucent doors, Gargoyl's ghost, amateur GrBe; Opifex's ghost, amateur DsFi
D:5 1 runed translucent door
D:12 Snorg


Innate Abilities, Weirdness & Mutations

You have a beak for a mouth.
You have claws for feet.
Your magical nature lets you fly swiftly and evasively.


Message History

Vehumet accepts your kill.
The foxfire hits Snorg.
Snorg is lightly wounded.
Casting: Foxfire (safe; 1% risk of failure)
Confirm with . or Enter, or press ? or * to list all spells.
Flames lash Snorg.
Snorg is lightly wounded.
Snorg's fire resistance burns away.
Your resistance to elements expires.
The foxfire hits Snorg!
Snorg is burned terribly!
Snorg is moderately wounded.
The foxfire hits Snorg!
Snorg is burned terribly!
Snorg is heavily wounded.
Casting: Scorch (safe; 1% risk of failure)
Confirm with . or Enter, or press ? or * to list all spells.
Flames lash Snorg.
Snorg is burned terribly!
Snorg is severely wounded.
Snorg bites you but does no damage. You block Snorg's attack.
Snorg closely misses you.
A slime creature comes into view.
Casting: Scorch (safe; 1% risk of failure)
Confirm with . or Enter, or press ? or * to list all spells.
Flames lash Snorg.
Snorg is burned terribly!
Snorg is severely wounded.
Snorg goes berserk!
A slime creature comes into view.
Casting: Scorch (safe; 1% risk of failure)
Confirm with . or Enter, or press ? or * to list all spells.
Flames lash Snorg.
Snorg is burned terribly!
Snorg is severely wounded.
You block Snorg's attack. Snorg completely misses you. Snorg claws you.
A slime creature comes into view.
Snorg misses you. Snorg claws you. Snorg claws you!!
* * * LOW HITPOINT WARNING * * *
Casting: Scorch (safe; 1% risk of failure)
Confirm with . or Enter, or press ? or * to list all spells.
Flames lash Snorg.
Snorg is burned terribly!
Snorg is almost dead.
Snorg bites you!
You die...

########################
...J...@)))...)..O......
......T))...............
.J......................
.J......................
........................
........................
.......................O
........................
.........


You could see Snorg (berserk, combustible) and 3 slime creatures.

Vanquished Creatures
  The ghost of whodunnit the Markstengu, a journeyman TeHu of Okawaru (D:8)
  A hydra (D:10)
  An ogre mage (D:10)
  4 boulder beetles
  4 two-headed ogres
  Lodul (D:12)
  A deep troll (D:10)
  A wizard (D:10)
  Pikel (D:8)
  An orc knight (D:10)
  A manticore (D:12)
  Maurice (D:8)
  A gargoyle (D:12)
  A komodo dragon (D:11)
  A tengu conjurer (D:10)
  The ghost of kush the Cutter, a novice VSBr (D:5)
  2 trolls
  2 hornets
  Prince Ribbit (D:8)
  2 shadows (D:10)
  5 wraiths
  2 wyverns (D:11)
  16 yaks
  A basilisk (D:11)
  2 steam dragons
  2 wargs (D:9)
  3 acid dragons
  Duvessa (D:7)
  6 water moccasins
  9 orc warriors
  An ice beast (D:6)
  4 black bears
  2 wolves (D:11)
  14 ogres
  10 centaurs
  2 phantoms
  A lemure (D:8)
  A kobold brigand (D:5)
  A bullfrog (D:8)
  4 scorpions
  A gnoll sergeant (D:8)
  6 wights
  Dowan (D:7)
  16 killer bees
  An electric eel (D:7)
  3 howler monkeys
  2 hounds
  A jelly (D:8)
  11 orc priests
  3 iguanas
  3 sleepcaps
  Jessica (D:2)
  21 orc wizards
  6 adders
  18 gnolls
  2 shadow imps (D:6)
  2 white imps
  2 ufetubi (D:5)
  5 worms
  A dart slug (D:3)
  48 orcs
  9 ball pythons
  7 endoplasms
  3 giant cockroaches
  6 goblins
  7 hobgoblins
  3 jackals (D:5)
  13 kobolds
  3 quokkas
  9 bats
  A frilled lizard (D:3)
  2 rats
  2 foxfires (D:12)
335 creatures vanquished.

Vanquished Creatures (collateral kills)
  3 foxfires (D:6)
3 creatures vanquished.

Vanquished Creatures (others)
  1130 foxfires
1130 creatures vanquished.

Grand Total: 1468 creatures vanquished

Notes
Turn   | Place    | Note
-------+----------+-------------------------------------------
     0 | D:1      | Essalna the Tengu Fire Elementalist began the quest for the
                  | Orb.
     0 | D:1      | Reached XP level 1. HP: 10/10 MP: 4/4
    49 | D:1      | Found Bamiga's Distillery.
   108 | D:1      | Found a faded altar of an unknown god.
   141 | D:1      | Reached XP level 2. HP: 14/16 MP: 0/6
   317 | D:1      | Reached skill level 1 in Fighting
   676 | D:1      | Reached XP level 3. HP: 15/20 MP: 3/7
  1431 | D:2      | Reached XP level 4. HP: 26/26 MP: 1/8
  1794 | D:2      | Noticed Jessica
  1799 | D:2      | Killed Jessica
  2393 | D:3      | Gained mutation: Your magical nature lets you fly swiftly
                  | and evasively. [Tengu growth]
  2393 | D:3      | Reached XP level 5. HP: 31/31 MP: 2/9
  2795 | D:3      | Found a hide-covered altar of Uskayaw.
  3160 | D:4      | Found a runed translucent gate.
  3160 | D:4      | Found a runed translucent gate.
  3160 | D:4      | Found a runed translucent gate.
  3165 | D:4      | Noticed Gargoyl's ghost (amateur GrBe)
  3165 | D:4      | Noticed Opifex's ghost (amateur DsFi)
  3196 | D:4      | You are sucked into a shaft and drop 2 floors!
  3203 | D:6      | Reached XP level 6. HP: 37/37 MP: 6/10
  3236 | D:6      | Found Munilil's Jewellery Boutique.
  3256 | D:5      | Entered Level 5 of the Dungeon
  3256 | D:5      | Found Uvveca's Weapon Emporium.
  3282 | D:5      | Found Xelily's Lightly-Used Armoury.
  3307 | D:4      | Found a burning altar of Makhleb.
  3334 | D:4      | Reached skill level 5 in Fire Magic
  3589 | D:4      | Learned a level 2 spell: Scorch
  4024 | D:4      | Learned a level 4 spell: Flame Wave
  4222 | D:5      | Found Ulurph's Book Boutique.
  4245 | D:5      | Reached skill level 5 in Conjurations
  4382 | D:5      | Reached XP level 7. HP: 43/43 MP: 4/11
  4548 | D:5      | Found Dietheiv's Distillery.
  4707 | D:5      | Found Fuenif's Assorted Antiques.
  5032 | D:5      | Found a runed translucent door.
  5033 | D:5      | Noticed kush's ghost (novice VSBr)
  5095 | D:5      | Reached XP level 8. HP: 39/48 MP: 5/12
  5150 | D:5      | Found a shimmering altar of Xom.
  5328 | D:5      | Found a runed translucent door.
  5358 | D:5      | Reached skill level 5 in Fighting
  5358 | D:5      | Killed kush's ghost
  5733 | D:5      | Found a hazy altar of Hepliaklqana.
  5736 | D:5      | Found an ornate altar of the Wu Jian Council.
  5736 | D:5      | Found an iron altar of Okawaru.
  5843 | D:5      | Found Firiog's Magic Scroll Boutique.
  5989 | D:6      | Reached skill level 1 in Armour
  6183 | D:6      | Found Tom Poz's Jewellery Shop.
  6372 | D:6      | Bought a ring of magical power for 220 gold pieces
  6488 | D:6      | Reached XP level 9. HP: 26/55 MP: 10/13
  6977 | D:6      | Found Fyshrir's Jewellery Shop.
  7243 | D:7      | Found a staircase to the Ecumenical Temple.
  7262 | Temple   | Entered the Ecumenical Temple
  7461 | Temple   | Became a worshipper of Vehumet
  7838 | D:7      | Found a shimmering blue altar of Sif Muna.
  7841 | D:7      | Found a basalt altar of Yredelemnul.
  8415 | D:7      | Noticed Duvessa
  8416 | D:7      | Noticed Dowan
  8438 | D:7      | Killed Duvessa
  8439 | D:7      | Killed Dowan
  8598 | D:8      | Noticed Pikel
  8618 | D:8      | Killed Pikel
  8619 | D:8      | Reached skill level 5 in Dodging
  8619 | D:8      | Reached XP level 10. HP: 56/63 MP: 14/14
  8682 | D:8      | Noticed Prince Ribbit
  8688 | D:8      | Killed Prince Ribbit
  8693 | D:8      | Reached * piety under Vehumet
  8693 | D:8      | Offered knowledge of Magic Dart by Vehumet.
  8705 | D:8      | Noticed Maurice
  8719 | D:8      | Killed Maurice
  8720 | D:8      | Reached skill level 5 in Armour
  8957 | D:8      | Found a large runed translucent door.
  8957 | D:8      | Found a large runed translucent door.
  9184 | D:8      | Learned a level 6 spell: Plasma Beam
  9432 | D:8      | Identified the +2 rapier of Qazlal {pain, *Noise rCorr
                  | Str+2}
  9569 | D:8      | Noticed whodunnit's ghost (journeyman TeHu)
  9592 | D:8      | Killed whodunnit's ghost
  9593 | D:8      | Reached skill level 10 in Conjurations
  9593 | D:8      | Reached skill level 1 in Air Magic
 10018 | D:9      | Reached ** piety under Vehumet
 10018 | D:9      | Offered knowledge of Momentum Strike by Vehumet.
 10025 | D:9      | Reached XP level 11. HP: 62/68 MP: 8/15
 10342 | D:9      | Paralysed by a hornet for 2 turns
 10663 | D:9      | Offered knowledge of Static Discharge by Vehumet.
 10798 | D:9      | Found a staircase to the Orcish Mines.
 10889 | D:9      | Reached *** piety under Vehumet
 11242 | Orc:1    | Entered Level 1 of the Orcish Mines
 11426 | Orc:1    | Offered knowledge of Ignite Poison by Vehumet.
 11485 | Orc:1    | Reached skill level 10 in Fire Magic
 11662 | Orc:1    | Noticed an orc knight
 11828 | D:10     | Entered Level 10 of the Dungeon
 11828 | D:10     | Noticed a two-headed ogre
 11833 | D:10     | Killed a two-headed ogre
 11834 | D:10     | Reached skill level 5 in Air Magic
 12180 | D:10     | Identified the +0 pair of boots of Dihekhiv {Str+4}
 12364 | D:10     | Found Boijyru's Weapon Boutique.
 12423 | D:10     | Reached **** piety under Vehumet
 12518 | D:10     | Found an opulent altar of Gozag.
 13050 | D:11     | Noticed a boulder beetle
 13154 | D:10     | Noticed an orc knight
 13190 | D:10     | Killed an orc knight
 13301 | D:10     | Noticed a wizard
 13305 | D:10     | Killed a wizard
 13333 | D:10     | Noticed a deep troll
 13339 | D:10     | Killed a deep troll
 13365 | D:10     | Noticed a two-headed ogre
 13369 | D:10     | Noticed a two-headed ogre
 13373 | D:10     | Killed a two-headed ogre
 13373 | D:10     | Offered knowledge of Dazzling Flash by Vehumet.
 13374 | D:10     | Reached XP level 12. HP: 46/76 MP: 16/16
 13376 | D:10     | Killed a two-headed ogre
 13386 | D:10     | Noticed a boulder beetle
 13401 | D:10     | Killed a boulder beetle
 13405 | D:10     | Noticed a four-headed hydra
 13409 | D:10     | Noticed an ogre mage
 13413 | D:10     | Killed a four-headed hydra
 13425 | D:10     | Killed an ogre mage
 13909 | D:11     | Reached skill level 10 in Fighting
 13922 | D:11     | Reached skill level 1 in Shields
 13922 | D:11     | Noticed a two-headed ogre
 14074 | D:12     | Noticed Snorg
 14236 | D:10     | Killed a boulder beetle
 14721 | D:11     | Noticed a boulder beetle
 14753 | D:11     | Killed a boulder beetle
 15000 | D:11     | Found a staircase to the Lair.
 15253 | D:11     | Reached ***** piety under Vehumet
 15255 | D:11     | Offered knowledge of Orb of Destruction by Vehumet.
 15456 | D:11     | Killed a two-headed ogre
 15586 | D:12     | Noticed a boulder beetle
 15594 | D:12     | Killed a boulder beetle
 15601 | D:12     | Noticed Lodul
 15602 | D:12     | Upgraded the game from 0.31-a0-202-g547052bce9 to
                  | 0.31-a0-210-gccc998df9b
 15638 | D:12     | Reached XP level 13. HP: 45/83 MP: 9/17
 15641 | D:12     | Killed Lodul
 15642 | D:12     | Reached skill level 10 in Armour
 15650 | D:12     | Reached skill level 10 in Air Magic
 15662 | D:12     | Slain by Snorg

Illustrated notes

Levels and vault maps discovered:
D:1:      heliophobic_arrival_battle_scene, layout_rooms,
          hellmonk_ecumenical_altar_zigzags, serial_shops, shop
D:2:      layout_basic, uniq_jessica
D:3:      layout_basic, mainiacjoe_overflow_six_doors_small
D:4:      layout_basic, lemuel_doored_altar, gammafunk_ghost_cemetery
D:5:      layout_basic, kennysheep_mini,
          chequers_temple_overflow_statue_of_worship, serial_shops, shop,
          nicolae_stop_n_shop_2, nicolae_shop_crystal, shop,
          nicolae_shop_industrial_runoff, ebering_ghost_sewer_f,
          minmay_shop_damaged
D:6:      layout_basic, serial_shops, nicolae_shop_hallway_stairs, shop,
          nicolae_shop_crystal, dreamdust_mushroom_princess, sigmund_army
D:7:      layout_loops_ring, nicolae_overflow_squiral,
          minmay_temple_entry_statues_pillars, uniq_duvessa
D:8:      layout_rooms, ebering_ghost_disaster_area, uniq_maurice,
          uniq_prince_ribbit1, uniq_pikel
D:9:      layout_roguey, erik_orc_3
D:10:     minmay_klotski, layout_long_grid,
          nicolae_gozag_cash_rules_everything_around_me, serial_shops,
          nicolae_take_the_stairs, solitary_fountain, abandoned_shop
D:11:     layout_irregular_city, minmay_lair_entry_grove
D:12:     layout_big_octagon, serial_rivers, chequers_serial_rivers_large_a,
          chequers_serial_rivers_small_a, chequers_serial_rivers_micro_a,
          chequers_serial_rivers_micro_d, chequers_serial_rivers_room_a,
          uniq_snorg, uniq_lodul
Temple:   nicolae_temple_figure_eight
Orc:1:    layout_diamond_mine, uniq_nergalle

Skill      XL: |  1  2  3  4  5  6  7  8  9 10 11 12 13 |
---------------+----------------------------------------+-----
Conjurations   | 2 3 4 5 6 7 9 10 | 10.0
Fighting       | 1 2 3 4 5 7 8 9 10 | 10.8
Fire Magic     | 4 5 6 7 8 9 10 | 10.0
Armour         | 2 4 6 8 9 10 | 10.1
Dodging        | 3 5 6 8 9 |  9.3
Air Magic      | 3 7 9 10 | 10.0
Shields        | 3 4 |  4.0
Stealth        | |  2.0
Spellcasting   | |  2.0

Action                     |  1- 3 |  4- 6 |  7- 9 | 10-12 | 13-15 || total
---------------------------+-------+-------+-------+-------+-------++-------
  Melee: Unarmed           |    18 |     2 |       |       |       ||    20
         Kick              |     5 |     9 |    11 |    38 |       ||    63
         Peck              |     2 |     3 |     8 |    32 |       ||    45
         Club              |       |    34 |    35 |    40 |       ||   109
         Punch             |       |     1 |       |     1 |       ||     2
         Dagger            |       |       |       |    47 |       ||    47
   Cast: Foxfire           |    81 |   106 |   139 |   317 |    10 ||   653
         Scorch            |       |     4 |    37 |    63 |     9 ||   113
         Flame Wave        |       |       |    11 |    45 |     1 ||    57
         Plasma Beam       |       |       |       |     7 |     1 ||     8
    Use: Scroll            |     6 |     4 |     8 |     6 |       ||    24
         Potion            |       |       |     2 |     9 |     1 ||    12
   Stab: Sleeping          |       |     1 |       |       |       ||     1
         Distracted        |       |       |     1 |       |       ||     1
 Armour: Robe              |     5 |    14 |    21 |    49 |     1 ||    90
  Dodge: Dodged            |     8 |    24 |    70 |   245 |     3 ||   350
  Block: Buckler           |       |       |       |    10 |     2 ||    12

Table legend: (Time is in decaauts)
 A = Elapsed time spent in this place.
 B = Non-inter-level travel time spent in this place.
 C = Inter-level travel time spent in this place.
 D = Time resting spent in this place.
 E = Time spent auto-exploring this place.
 F = Levels seen in this place.
 G = Mean time per level.
                   A        B        C        D        E       F      G
               +--------+--------+--------+--------+--------+-----+--------+
         Total |  15105 |  14677 |    428 |    787 |  11657 |  14 | 1078.9 |
       Dungeon |  14462 |  14069 |    393 |    685 |  11271 |  12 | 1205.2 |
        Temple |    310 |    275 |     35 |    102 |    165 |   1 |  310.0 |
  Orcish Mines |    332 |    332 |      0 |      0 |    219 |   1 |  332.0 |
               +--------+--------+--------+--------+--------+-----+--------+

Top non-repeatable levels by time:
    D:10: 2240 daAuts
     D:5: 1689 daAuts
     D:9: 1654 daAuts
     D:2: 1350 daAuts
     D:4: 1187 daAuts
    D:11: 1183 daAuts
     D:8: 1126 daAuts
     D:6: 1122 daAuts
     D:7: 1109 daAuts
     D:1: 797 daAuts
     D:3: 751 daAuts
   Orc:1: 332 daAuts
  Temple: 310 daAuts
    D:12: 250 daAuts
